AoeStats
← awsdaws23

Arena

509639666Analyzed
3v3 RM · 3d ago on Sep 27, 2026· 104m 7s· 6 players
Game mode
Random Map
Map size
Normal (6 player)
Population
200
Speed
Normal
Resources
Standard
Victory
Conquest
Starting age
Dark Age
Ending age
Imperial Age
RankedLock teamsTeams togetherTeam positionsShared explorationLock speedFull tech treeHidden civsTurbo modeCheats
Victory
Defeat
🇸🇪 Portuguese · Sweden
874
+6
🇸🇪 Danes · Sweden
854
+11
🇸🇪 Chinese · Sweden
665
+13
🇨🇱 Khmer · Chile
725
-11
🇦🇺 Spanish · Australia
661
-10
🇦🇷 Ethiopians · Argentina
416
-4
nperezb
1:58 Loom
14:36 Feudal Age
17:57 Double-Bit Axe
21:36 Castle Age
19:48 Man-at-Arms
20:15 Arson
20:40 Gold Mining
20:42 Stone Mining
22:12 Long Swordsman
22:12 Pikeman
23:40 Scale Mail Armor
24:52 Bow Saw
27:39 Husbandry
29:51 Wheelbarrow
29:03 Town Watch
31:01 Forging
30:58 Scale Barding Armor
30:55 Padded Archer Armor
31:56 Stone Shaft Mining
31:57 Gold Shaft Mining
31:59 Pikeman
35:36 Murder Holes
36:03 Ballistics
38:40 Imperial Age
35:46 Light Cavalry
36:36 Bloodlines
36:32 Tusk Swords
37:10 Town Patrol
37:25 Hand Cart
39:07 Cavalier
43:05 Chemistry
46:00 Gold Shaft Mining
50:04 Conscription
49:04 Elite Ballista Elephant
49:59 Onager
51:09 Fortified Wall
51:21 Chain Barding Armor
50:55 Fletching
56:11 Double Crossbow
71:06 Caravan
76:27 Hussar
80:11 Elite Skirmisher
80:43 Two-Handed Swordsman
Wilchester
0:32 Loom
11:21 Feudal Age
12:03 Double-Bit Axe
12:10 Horse Collar
13:13 Town Watch
20:46 Castle Age
18:59 Stone Mining
20:06 Fletching
21:08 Forging
21:32 Heavy Plow
21:46 Bow Saw
25:22 Wheelbarrow
25:45 Gold Mining
28:26 Hand Cart
28:57 Gold Shaft Mining
28:32 Bodkin Arrow
28:48 Scale Mail Armor
28:37 Arson
28:53 Squires
28:51 Murder Holes
29:17 Ballistics
33:43 Imperial Age
32:02 Iron Casting
32:01 Fortified Wall
32:03 Masonry
33:08 Chain Mail Armor
33:08 Royal Heirs
34:50 Conscription
35:37 Chemistry
34:40 Bracer
35:47 Two-Man Saw
35:08 Elite Shotel Warrior
36:53 Blast Furnace
43:20 Plate Mail Armor
49:07 Architecture
48:46 Town Patrol
52:48 Siege Engineers
63:45 Guard Tower
82:11 Husbandry
81:35 Light Cavalry
awsdaws23
11:46 Feudal Age
11:54 Loom
17:11 Castle Age
15:17 Double-Bit Axe
15:15 Horse Collar
23:27 Bow Saw
25:31 Husbandry
25:42 Bloodlines
30:47 Imperial Age
32:11 Conscription
35:16 Cavalier
37:00 Scale Barding Armor
40:26 Gold Mining
41:14 Wheelbarrow
40:26 Town Watch
40:12 Light Cavalry
41:54 Chain Barding Armor
42:24 Elite Conquistador
44:14 Plate Barding Armor
43:34 Fletching
47:11 Scale Mail Armor
52:06 Onager
56:06 Paladin
57:51 Chain Mail Armor
57:47 Forging
57:38 Padded Archer Armor
57:34 Bodkin Arrow
61:31 Hussar
66:42 Iron Casting
66:38 Plate Mail Armor
69:42 Caravan
74:39 Blast Furnace
73:58 Leather Archer Armor
73:44 Bracer
73:45 Pikeman
kvarten
3:02 Loom
10:14 Feudal Age
14:21 Castle Age
12:21 Double-Bit Axe
13:34 Horse Collar
13:52 Gold Mining
17:57 Stone Mining
21:30 Heavy Plow
24:09 Wheelbarrow
25:43 Padded Archer Armor
26:24 Bow Saw
29:29 Stone Shaft Mining
29:17 Hand Cart
29:17 Circumnavigation
35:09 Imperial Age
32:42 Fletching
33:08 Leather Archer Armor
35:23 Sappers
36:14 Conscription
36:20 Conscription
37:10 Chemistry
36:37 Ballistics
37:26 Two-Man Saw
36:57 Crop Rotation
36:08 Elite Organ Gun
41:00 Arquebus
41:10 Arquebus
42:15 Bodkin Arrow
42:56 Ring Archer Armor
43:38 Bracer
45:26 Elite Skirmisher
46:12 Thumb Ring
61:15 Forging
61:05 Scale Mail Armor
61:11 Scale Barding Armor
61:52 Pikeman
62:46 Loom
78:59 Halberdier
84:17 Caravan
86:35 Arson
86:12 Man-at-Arms
86:38 Gambesons
88:02 Iron Casting
87:43 Chain Mail Armor
87:06 Long Swordsman
93:45 Two-Handed Swordsman
94:15 Crossbowman
95:30 Coinage
95:20 Guilds
97:34 Arbalester
99:03 Banking
pontus
11:15 Feudal Age
16:03 Castle Age
15:06 Double-Bit Axe
16:04 Horse Collar
20:39 Gambesons
25:09 Man-at-Arms
25:55 Loom
26:23 Heavy Plow
27:53 Long Swordsman
28:36 Scale Mail Armor
28:46 Forging
32:43 Wheelbarrow
31:56 Town Watch
35:19 Imperial Age
32:53 Town Patrol
33:31 Pikeman
36:41 Chain Mail Armor
36:37 Forging
35:51 Two-Handed Swordsman
36:58 Halberdier
37:21 Onager
37:56 Champion
38:21 Northmen's Fury
39:42 Capped Ram
44:41 Gold Mining
45:48 Bow Saw
46:09 Hand Cart
46:29 Plate Mail Armor
46:34 Iron Casting
50:16 Gold Shaft Mining
49:35 Stone Mining
50:47 Siege Engineers
50:08 Hamask
52:14 Stone Shaft Mining
51:31 Loom
53:17 Blast Furnace
51:54 Siege Onager
67:07 Siege Ram
92:27 Sanctity
92:08 Devotion
92:33 Illumination
93:35 Elite Varangian Guard
94:45 Heavy Scorpion
95:29 Arrowslits
95:35 Guard Tower
Nevve
11:05 Feudal Age
10:51 Loom
12:08 Double-Bit Axe
12:06 Horse Collar
13:11 Gold Mining
13:12 Stone Mining
21:19 Castle Age
19:58 Padded Archer Armor
19:53 Fletching
21:39 Wheelbarrow
22:14 Bow Saw
22:07 Heavy Plow
28:30 Hand Cart
29:39 Stone Shaft Mining
29:41 Gold Shaft Mining
29:07 Bodkin Arrow
29:27 Leather Archer Armor
32:38 Leather Archer Armor
36:57 Imperial Age
37:05 Squires
36:52 Arson
40:22 Two-Man Saw
39:42 Elite Chu Ko Nu
40:43 Conscription
42:23 Ring Archer Armor
41:53 Bracer
42:01 Thumb Ring
43:02 Chemistry
42:24 Ballistics
42:03 Murder Holes
42:19 Fortified Wall
43:07 Forging
42:58 Scale Mail Armor
43:04 Scale Barding Armor
43:06 Husbandry
45:41 Town Watch
51:42 Iron Casting
51:43 Bombard Tower
63:49 Cavalier
64:31 Husbandry
66:07 Bloodlines
66:52 Chain Barding Armor
67:33 Blast Furnace
66:48 Chain Mail Armor
76:58 Plate Barding Armor
76:53 Plate Mail Armor
98:42 Town Patrol
98:59 Masonry
99:01 Clinker Construction
98:43 Guard Tower
98:39 Arrowslits
99:03 Great Wall
101:42 Spies/Treason
Connection lost

Rejoining the realm…

Still unreachable

The connection could not be restored.

Session expired

The server has moved on; the page needs a fresh start.